[Event "Late Titled Tuesday Blitz February 8 2022"]
[White "Quirke, Jeffrey"]
[Black "Meduri, Aakaash"]
[WhiteFideId "2013029"]
[BlackFideId "2032252"]
[WhiteElo "2259"]
[BlackElo "2047"]
[Result "1-0"]
[Round "06"]
[TimeControl "180+1"]
[Date "2022.02.09"]
[WhiteClock "0:00:02"]
[BlackClock "0:00:03"]

1. d4 Nf6 2. Nf3 g6 3. Nbd2 Bg7 4. e4 d6 5. Bd3 O-O 6. O-O Nc6 7. c3 e5 8. dxe5 Nxe5 9. Nxe5 dxe5 10. Qc2 c6 11. Re1 Qc7 12. a4 Be6 13. a5 Rad8 14. Bf1 Nd7 15. Nc4 f5 16. Bg5 Rde8 17. exf5 Bxf5 18. Qb3 Kh8 19. Qa3 h6 20. Be7 Rf7 21. Bd6 Qd8 22. Rad1 Qg5 23. Qb4 Nf8 24. Bxe5 Kh7 25. Bxg7 Rxe1 26. Rxe1 Kxg7 27. Nd6 Qd2 28. Qd4+ Qxd4 29. cxd4 Rd7 30. Nxf5+ gxf5 31. g3 Ne6 32. Rxe6 Kf7 33. Re5 Rxd4 34. Rxf5+ Kg6 35. Rf8 Rb4 36. Rg8+ Kf7 37. Rh8 Kg7 38. Rc8 Rxb2 39. Kg2 Kf6 40. a6 bxa6 41. Rxc6+ Ke5 42. Rxa6 Rb7 43. Rxh6 Kd4 44. Ra6 Rg7 45. h4 Ke5 46. h5 Kf5 47. h6 Rg8 48. f3 Kg5 49. Be2 Re8 50. Kf2 Re7 51. f4+ Kf5 52. Kf3 Re3+ 53. Kf2 Re7 54. Ra5+ Kg6 55. Bd3+ Kxh6 56. g4 Rd7 57. Ra6+ Kg7 58. Ke3 Re7+ 59. Be4 Rc7 60. g5 Kf7 61. f5 Kg7 62. f6+ Kg8 63. Kf4 Rd7 64. Kf5 Kh7 65. g6+ Kh6 66. g7 Rd8 67. Ke6 Re8+ 68. Kf7 Rc8 69. g8=Q Rc7+ 70. Ke6 Kh5 71. Qg6+ Kh4 72. Qh6+ Kg4 73. Ra3 Re7+ 74. Kd6 Rd7+ 75. Kc6 Rc7+ 76. Kb5 Rc5+ 77. Ka6 Ra5+ 78. Rxa5 1-0


[Site "https://www.chess.com"]

[Event "Late Titled Tuesday Blitz February 8 2022"]
[White "Ramirez, Alejandro"]
[Black "Mamedyarov, Shakhriyar"]
[WhiteFideId "6500617"]
[BlackFideId "13401319"]
[WhiteElo "2694"]
[BlackElo "2769"]
[Result "0-1"]
[Round "06"]
[TimeControl "180+1"]
[Date "2022.02.08"]
[WhiteClock "0:01:57"]
[BlackClock "0:02:29"]

1. e4 c5 2. Nf3 e6 3. d4 cxd4 4. Nxd4 Nf6 5. Nc3 Nc6 6. a3 d5 7. Bb5 Bd7 8. exd5 exd5 9. O-O Be7 10. Re1 O-O 11. Bg5 h6 12. Bh4 a6 13. Bf1 Rc8 14. Qd3 Re8 15. Rad1 Qb6 16. Rxe7 Nxe7 17. Bxf6 Qxf6 18. Qf5 0-1


[Site "https://www.chess.com"]

[Event "Late Titled Tuesday Blitz February 8 2022"]
[White "Rangel, Daniel"]
[Black "Stanisz, Patryk"]
[WhiteFideId "2124475"]
[BlackFideId "1123106"]
[WhiteElo "2187"]
[BlackElo "1876"]
[Result "1-0"]
[Round "06"]
[TimeControl "180+1"]
[Date "2022.02.09"]
[WhiteClock "0:00:11"]
[BlackClock "0:00:05"]

1. e4 c5 2. Nf3 Nc6 3. d4 cxd4 4. Nxd4 Nf6 5. Nc3 e5 6. Ndb5 d6 7. Nd5 Nxd5 8. exd5 Ne7 9. c4 Nf5 10. g4 Nh4 11. c5 a6 12. Nxd6+ Bxd6 13. cxd6 O-O 14. Be3 Qxd6 15. Bd3 e4 16. Be2 Nf3+ 17. Bxf3 exf3 18. Qxf3 Qb4+ 19. Kf1 Bxg4 20. Qf4 Bh3+ 21. Kg1 Qxb2 22. Bd4 Qc2 23. Qg3 Qg6 24. f3 Rfd8 25. Kf2 Qc2+ 26. Kg1 Qg6 27. Kf2 Rxd5 28. Qxg6 hxg6 29. Be3 Re8 30. Rhe1 Be6 31. Rac1 Red8 32. Rc7 R5d7 33. Rc3 Bd5 34. a3 Bc6 35. f4 Rd3 36. Rxd3 Rxd3 37. Ra1 Rb3 38. a4 Rb2+ 39. Kf1 f6 40. a5 Kf7 41. Bg1 Ke6 42. Bf2 Kf5 43. Bg3 Kg4 44. Kg1 Rg2+ 45. Kf1 Rb2 46. Kg1 g5 47. fxg5 Kxg5 48. Ra3 f5 49. Be5 Rg2+ 50. Kf1 g6 51. Rc3 Ra2 52. Rg3+ Kh6 53. Rh3+ Kg5 54. Rg3+ Kh5 55. Bf6 Ra1+ 56. Ke2 Ra2+ 57. Ke1 f4 58. Rg5+ Kh4 59. Rg2+ Kh3 60. Rxa2 Kg4 61. Kf2 g5 62. Bd8 Kh4 63. Kg1 Kh3 64. Bxg5 f3 65. Be3 f2+ 66. Bxf2 Bg2 67. Ra3+ Bf3 68. Rxf3+ Kg4 69. Rb3 1-0


[Site "https://www.chess.com"]

[Event "Late Titled Tuesday Blitz February 8 2022"]
[White "Riehle, Marco"]
[Black "Chigaev, Maksim"]
[WhiteFideId "12904392"]
[BlackFideId "4108116"]
[WhiteElo "2462"]
[BlackElo "2502"]
[Result "0-1"]
[Round "06"]
[TimeControl "180+1"]
[Date "2022.02.08"]
[WhiteClock "0:01:15"]
[BlackClock "0:00:47"]

1. e4 c5 2. a3 d5 3. exd5 Nf6 4. Nf3 Nxd5 5. c4 Nf6 6. d4 cxd4 7. Qxd4 Qxd4 8. Nxd4 a6 9. Nc3 Bd7 10. Be2 Nc6 11. Be3 e6 12. O-O-O Rc8 13. Bf3 Be7 14. Kb1 Na5 15. Rd3 Nxc4 16. Bxb7 Rb8 17. Bxa6 Nxb2 18. Kc2 Nxd3 19. Bxd3 Bxa3 20. Rb1 Rxb1 21. Nxb1 Bc5 22. Nc3 Bxd4 23. Bxd4 O-O 24. Kd2 Bc6 25. f3 Rd8 26. Ke3 Nd5+ 27. Nxd5 Bxd5 28. Be2 f6 29. g4 Kf7 30. h4 e5 31. Bb2 Rb8 32. Bc1 Rb3+ 33. Kf2 Rc3 34. Bd2 Rc2 35. Ke3 Ra2 36. h5 g6 37. hxg6+ hxg6 38. Be1 f5 39. gxf5 gxf5 40. Bc3 f4+ 41. Kd3 Bc4+ 42. Kxc4 Rxe2 43. Kd5 Kf6 0-1


[Site "https://www.chess.com"]

[Event "Late Titled Tuesday Blitz February 8 2022"]
[White "Roman, Rodrigo"]
[Black "Terletsky, Oleg"]
[WhiteFideId "3701220"]
[BlackFideId "14116774"]
[WhiteElo "2001"]
[BlackElo "2050"]
[Result "1-0"]
[Round "06"]
[TimeControl "180+1"]
[Date "2022.02.09"]
[WhiteClock "0:00:13"]
[BlackClock "0:00:07"]

1. e4 c6 2. d4 d5 3. e5 Bf5 4. h4 h6 5. g4 Bd7 6. f4 e6 7. c3 h5 8. g5 Ne7 9. Bd3 Nf5 10. Ne2 c5 11. Bxf5 exf5 12. dxc5 Bxc5 13. Qxd5 Qb6 14. Qb3 Bc6 15. Qxb6 Bxb6 16. Rh3 Nd7 17. Nd4 Be4 18. Be3 Nc5 19. b4 Nd3+ 20. Kd2 O-O-O 21. a3 Nb2 22. Ke2 Nc4 23. Nd2 Nxe3 24. Kxe3 Bd5 25. a4 a6 26. Rd1 Rd7 27. Ke2 g6 28. a5 Ba7 29. Nf1 Bc4+ 30. Ke1 Rhd8 31. Ne3 Bd5 32. Nxd5 Rxd5 33. Rhd3 Bxd4 34. Rxd4 Rxd4 35. Rxd4 Re8 36. Kd2 Re6 37. c4 Kc7 38. Kc3 Rc6 39. b5 axb5 40. Kb4 bxc4 41. Rxc4 Rxc4+ 42. Kxc4 Kc6 43. Kb4 b5 44. a6 Kb6 45. a7 Kxa7 46. Kxb5 Kb7 47. Kc5 Kc7 48. Kd5 Kd7 49. Kd4 Kc7 50. Kc5 Kd7 51. Kd5 Ke7 52. Kc6 Ke6 53. Kc7 Kd5 54. Kd7 Ke4 55. e6 Kxf4 56. exf7 Kg4 57. f8=Q Kxh4 58. Qf6 Kg4 59. Qxg6 h4 60. Qf6 h3 61. g6 h2 62. Qh8 f4 63. g7 1-0


[Site "https://www.chess.com"]

[Event "Late Titled Tuesday Blitz February 8 2022"]
[White "Rorrer, Grayson"]
[Black "Borisova, Ekaterina"]
[WhiteFideId "30944996"]
[BlackFideId "34124184"]
[WhiteElo "2122"]
[BlackElo "2034"]
[Result "0-1"]
[Round "06"]
[TimeControl "180+1"]
[Date "2022.02.09"]
[WhiteClock "0:00:04"]
[BlackClock "0:00:03"]

1. e4 c6 2. d4 d5 3. exd5 cxd5 4. Bd3 Nc6 5. c3 Nf6 6. h3 g6 7. Nf3 Bf5 8. Ne5 Bxd3 9. Nxd3 Bg7 10. O-O O-O 11. Bf4 Ne4 12. Nd2 Nxd2 13. Qxd2 Rc8 14. Rfe1 e6 15. g3 Na5 16. h4 Nc4 17. Qe2 h5 18. Kg2 Qf6 19. Nc5 Qe7 20. Bg5 Qc7 21. g4 hxg4 22. Qxg4 Nxb2 23. h5 gxh5 24. Qxh5 f6 25. Bc1 Nc4 26. Rh1 Rfe8 27. Qh7+ Kf8 28. Qg6 Qf7 29. Qg3 b6 30. Nd3 Ke7 31. Rh7 Rg8 32. Kf1 Kd8 33. Bh6 Rc7 34. Nf4 Kc8 35. Re1 Nd2+ 36. Ke2 Ne4 37. Rxg7 Nxg3+ 38. Rxg3 Rxg3 39. fxg3 Qh7 40. Rh1 Rxc3 41. Kf2 Qe4 42. Rf1 Rc2+ 43. Kg1 Qxd4+ 44. Kh1 Qe4+ 45. Kg1 Qh7 46. Nxe6 Qxh6 47. Rf2 Qe3 0-1


[Site "https://www.chess.com"]

[Event "Late Titled Tuesday Blitz February 8 2022"]
[White "Rudykh, Stepan"]
[Black "Clawitter, Craig"]
[WhiteFideId "4180321"]
[BlackFideId "2023105"]
[WhiteElo "2137"]
[BlackElo "2178"]
[Result "1-0"]
[Round "06"]
[TimeControl "180+1"]
[Date "2022.02.09"]
[WhiteClock "0:00:17"]
[BlackClock "0:00:08"]

1. e4 e6 2. d4 d5 3. Nd2 Be7 4. Bd3 c5 5. c3 Nc6 6. e5 cxd4 7. cxd4 Nxd4 8. Qg4 Nf5 9. Bxf5 Nh6 10. Qxg7 Rg8 11. Qxh6 exf5 12. g3 Rg6 13. Qxh7 Qa5 14. Nf3 Be6 15. Nd4 Rc8 16. Nxe6 Rxe6 17. Qxf5 d4 18. O-O Rxc1 19. Raxc1 Qxd2 20. Rc8+ Kd7 21. Qxf7 Rxe5 22. Qe8+ Kd6 23. Qg6+ Kd7 24. Qg4+ Kd6 25. Kg2 Re2 26. Qf3 d3 27. Rc3 Qxb2 28. Qxd3+ Ke6 29. Qg6+ Kd7 30. Qg4+ Ke8 31. Qg8+ Kd7 32. Rd1+ Bd6 33. Qg4+ Ke7 34. Qg7+ Ke6 35. Qg6+ Ke7 36. Qxd6+ Kf7 37. Rc7+ Kg8 38. Qd8+ Re8 39. Qxe8# 1-0


[Site "https://www.chess.com"]

[Event "Late Titled Tuesday Blitz February 8 2022"]
[White "Rustemov, Alexander"]
[Black "Aradhya, Garg"]
[WhiteFideId "4119002"]
[BlackFideId "25006746"]
[WhiteElo "2818"]
[BlackElo "2169"]
[Result "1-0"]
[Round "06"]
[TimeControl "180+1"]
[Date "2022.02.08"]
[WhiteClock "0:01:58"]
[BlackClock "0:01:13"]

1. d4 d5 2. c4 c6 3. Nc3 Nf6 4. e3 e6 5. Nf3 Nbd7 6. Qc2 Bd6 7. Bd2 O-O 8. O-O-O Qe7 9. Kb1 dxc4 10. Bxc4 b5 11. Bd3 a6 12. e4 e5 13. dxe5 Nxe5 14. Nxe5 Bxe5 15. f4 Bxc3 16. Bxc3 h6 17. Bd4 Rd8 18. Bc5 Qc7 19. e5 Nd5 20. g3 Bb7 21. Rc1 a5 22. Bd6 Qb6 23. Be4 Nb4 24. Qc5 Qxc5 25. Rxc5 Rac8 26. a3 Na6 27. Rc2 Ba8 28. Rhc1 c5 29. Bxa8 Rxa8 30. Bxc5 b4 31. Bd6 bxa3 32. bxa3 f6 33. Ka2 Rd7 34. Rc8+ Rxc8 35. Rxc8+ Kh7 36. Ra8 fxe5 37. fxe5 Nc7 38. Ra7 1-0


[Site "https://www.chess.com"]

[Event "Late Titled Tuesday Blitz February 8 2022"]
[White "Sailer, Mike"]
[Black "Morris-Suzuki, Sophie"]
[WhiteFideId "2012901"]
[BlackFideId "30922615"]
[WhiteElo "2109"]
[BlackElo "2434"]
[Result "0-1"]
[Round "06"]
[TimeControl "180+1"]
[Date "2022.02.09"]
[WhiteClock "0:00:02"]
[BlackClock "0:00:27"]

1. d4 d5 2. Nf3 e6 3. Bf4 Bd6 4. Bg3 Nf6 5. e3 O-O 6. Bd3 c5 7. c3 Nc6 8. Nbd2 b6 9. O-O Bb7 10. Ne5 Ne7 11. f4 Nf5 12. Bxf5 exf5 13. Bh4 Be7 14. Bxf6 Bxf6 15. Rf3 g6 16. Rh3 Bg7 17. Qe1 Re8 18. Qf2 Qe7 19. a4 f6 20. Nef3 Qxe3 21. Qxe3 Rxe3 22. Kf2 Rae8 23. Re1 Rxe1 24. Nxe1 Ba6 25. Re3 Kf7 26. Rxe8 Kxe8 27. Ke3 Kd7 28. b4 Bf8 29. b5 Bb7 30. Nd3 a6 31. dxc5 axb5 32. axb5 Bxc5+ 33. Nxc5+ bxc5 34. c4 dxc4 35. g3 c3 36. Nb3 Kd6 37. Kd3 Bd5 38. Kxc3 c4 39. Nd4 Kc5 40. b6 Kxb6 41. Kb4 Bf7 42. Nb5 Kc6 43. Nc3 Be6 44. Nd1 Kd5 45. Kc3 Ke4 46. Nb2 Kf3 0-1


[Site "https://www.chess.com"]

[Event "Late Titled Tuesday Blitz February 8 2022"]
[White "Sargsyan, Anna M."]
[Black "Costachi, Mihnea"]
[WhiteFideId "13308130"]
[BlackFideId "1217518"]
[WhiteElo "2271"]
[BlackElo "2464"]
[Result "1-0"]
[Round "06"]
[TimeControl "180+1"]
[Date "2022.02.08"]
[WhiteClock "0:00:13"]
[BlackClock "0:00:03"]

1. e4 c5 2. Nf3 d6 3. Bb5+ Bd7 4. Bxd7+ Qxd7 5. O-O Nc6 6. c3 g6 7. d4 cxd4 8. cxd4 Bg7 9. Nc3 Nf6 10. Re1 O-O 11. h3 Rfc8 12. Be3 Rab8 13. Qe2 b5 14. e5 dxe5 15. dxe5 Nd5 16. Rad1 Nxc3 17. bxc3 Qe6 18. Bd4 b4 19. cxb4 Rxb4 20. Ba1 Qc4 21. Qd2 Rbb8 22. e6 Bxa1 23. exf7+ Qxf7 24. Rxa1 Rd8 25. Qc3 Rd6 26. a4 Qf6 27. Qc5 Rf8 28. Ra2 h6 29. Rae2 Rf7 30. a5 Kh7 31. a6 Qf5 32. Ne5 Nxe5 33. Rxe5 Qf6 34. Qxa7 Rxa6 35. Qc5 Rd6 36. Qe3 Rd7 37. Re6 Qf5 38. Qg3 h5 39. R1e5 Rd1+ 40. Kh2 Qb1 41. Qg5 Rh1+ 42. Kg3 Qc2 43. Re2 Qc7+ 44. f4 Qc3+ 45. R2e3 Qb2 46. Qxg6+ Kh8 47. Qxf7 h4+ 48. Kxh4 Rxh3+ 49. Rxh3 Qf2+ 50. Kg5+ Qh4+ 51. Rxh4# 1-0


[Site "https://www.chess.com"]

[Event "Late Titled Tuesday Blitz February 8 2022"]
[White "Sjugirov, Sanan"]
[Black "Sarana, Alexey"]
[WhiteFideId "4189302"]
[BlackFideId "24133795"]
[WhiteElo "2602"]
[BlackElo "2665"]
[Result "1/2-1/2"]
[Round "06"]
[TimeControl "180+1"]
[Date "2022.02.08"]
[WhiteClock "0:00:06"]
[BlackClock "0:00:05"]

1. e4 c5 2. Nf3 d6 3. d4 cxd4 4. Nxd4 Nf6 5. Nc3 a6 6. Be3 e5 7. Nf3 Qc7 8. a4 Be7 9. Be2 O-O 10. O-O Nbd7 11. Bg5 h6 12. Bh4 b6 13. Nd2 Bb7 14. Bc4 Rac8 15. Qe2 Nc5 16. Bxf6 Bxf6 17. Nd5 Qd8 18. c3 Bg5 19. Nf3 Ra8 20. Rfd1 Ne6 21. g3 Be7 22. Qe3 Nc5 23. b4 Nd7 24. a5 Rc8 25. Bb3 b5 26. Rac1 Nf6 27. Nxf6+ Bxf6 28. Bd5 Bxd5 29. Rxd5 Rc6 30. Rcd1 Qc7 31. R1d3 Rc8 32. Qd2 Be7 33. Nxe5 Rxc3 34. Rxc3 Qxc3 35. Qxc3 Rxc3 36. Nd3 Kf8 37. Kg2 Ke8 38. h4 g6 39. f4 h5 40. Kf3 Kd7 41. Ke3 Kc6 42. Kd2 Rc4 43. Ke3 Rc2 44. Rd4 Bf6 45. e5 Be7 46. exd6 Bxd6 47. Re4 Rc3 48. Kd2 Rb3 49. Kc2 Ra3 50. Re8 Ra2+ 51. Kc3 Rg2 52. Re3 f6 53. Re6 Rxg3 54. Rxf6 Kd5 55. Rf7 Ke4 56. Ra7 Rxd3+ 57. Kc2 Bxb4 58. Rxa6 Ra3 59. Rxg6 Rxa5 60. Kb3 Bd2 61. Rg5 Ra8 62. Rxb5 Rh8 63. f5 Bh6 64. f6 Bf8 65. Kc4 Kf4 66. Kd5 Kg4 67. Ke6 Rh7 68. Rb8 Ba3 69. Rb3 Bf8 70. Rb8 Bh6 71. Rg8+ Kxh4 72. Kf5 Ra7 73. Kg6 Bc1 74. Rh8 Kg4 75. Rxh5 Ra6 76. Rd5 Bb2 77. Rg5+ Kf4 78. Rf5+ Ke4 79. Rf2 Bd4 80. Rf1 Ke5 81. Kg5 Be3+ 82. Kg6 Bc5 83. Kg7 Ra8 84. f7 Bf8+ 85. Kg6 Ke6 86. Re1+ Kd7 87. Re8 Ra6+ 88. Kh7 Rh6+ 89. Kg8 Bd6 90. f8=Q Rg6+ 91. Kf7 Bxf8 92. Rxf8 Rg1 93. Rg8 Rf1+ 94. Kg7 Rg1+ 95. Kf7 Rxg8 96. Kxg8 1/2-1/2


[Site "https://www.chess.com"]

[Event "Late Titled Tuesday Blitz February 8 2022"]
[White "Stankovic, Ivan G"]
[Black "Barp, Alberto"]
[WhiteFideId "902837"]
[BlackFideId "872555"]
[WhiteElo "2195"]
[BlackElo "2229"]
[Result "1/2-1/2"]
[Round "06"]
[TimeControl "180+1"]
[Date "2022.02.09"]
[WhiteClock "0:00:28"]
[BlackClock "0:00:27"]

1. e4 c6 2. d3 d5 3. Nd2 e5 4. Ngf3 Bd6 5. g3 Nf6 6. Bg2 O-O 7. O-O Re8 8. Qe1 Nbd7 9. Nh4 Nc5 10. Nb3 dxe4 11. dxe4 h6 12. Be3 Ncxe4 13. Bxh6 Nxg3 14. fxg3 gxh6 15. Rd1 Qb6+ 16. Kh1 Be7 17. Qxe5 Ng4 18. Qf4 Be6 19. Nf5 h5 20. Nxe7+ Rxe7 21. Qg5+ Kf8 22. h3 Nf2+ 23. Rxf2 Qxf2 24. Rf1 Qxc2 25. Qh6+ Kg8 26. Qg5+ Kf8 27. Qh6+ Kg8 28. Qg5+ Kf8 1/2-1/2


[Site "https://www.chess.com"]

[Event "Late Titled Tuesday Blitz February 8 2022"]
[White "Stoleriu, George"]
[Black "Tan, Jun Ying"]
[WhiteFideId "1227505"]
[BlackFideId "5710413"]
[WhiteElo "2203"]
[BlackElo "1827"]
[Result "0-1"]
[Round "06"]
[TimeControl "180+1"]
[Date "2022.02.09"]
[WhiteClock "0:00:03"]
[BlackClock "0:00:02"]

1. e4 c5 2. Nf3 Nc6 3. Bb5 d6 4. O-O Bd7 5. Re1 Nf6 6. c3 a6 7. Bc4 Bg4 8. d4 Bxf3 9. gxf3 e6 10. Be3 cxd4 11. cxd4 d5 12. Bd3 Be7 13. Nc3 O-O 14. e5 Nh5 15. f4 g6 16. Kh1 Kh8 17. f5 Bg5 18. f6 Bxe3 19. fxe3 Rg8 20. Rg1 Qf8 21. Qf3 Qh6 22. Rg4 Rac8 23. Rag1 b5 24. Rh4 Na5 25. Ne2 Nc4 26. Nf4 Nxb2 27. Bb1 Rc3 28. Rh3 Rgc8 29. Nxh5 Rc1 30. Nf4 Rxg1+ 31. Kxg1 Qg5+ 32. Kf2 Rc1 33. Rg3 Qh4 34. Ng2 Qxh2 35. Rh3 Qg1+ 36. Kg3 Rf1 37. Qe2 Nd1 38. Bd3 Rf2 39. Qg4 Rxg2+ 0-1


[Site "https://www.chess.com"]

[Event "Late Titled Tuesday Blitz February 8 2022"]
[White "Svane, Rasmus"]
[Black "Sviridov, Valery"]
[WhiteFideId "4657101"]
[BlackFideId "4120680"]
[WhiteElo "2645"]
[BlackElo "2454"]
[Result "1-0"]
[Round "06"]
[TimeControl "180+1"]
[Date "2022.02.08"]
[WhiteClock "0:00:03"]
[BlackClock "0:00:02"]

1. Nf3 Nf6 2. g3 d5 3. Bg2 c6 4. O-O Bf5 5. c4 e6 6. Qb3 Qb6 7. d3 Be7 8. cxd5 exd5 9. Qc2 h6 10. Nc3 O-O 11. e4 Bh7 12. Be3 Qa6 13. h3 dxe4 14. dxe4 Nbd7 15. Rad1 Rfe8 16. Nd4 Rad8 17. Rfe1 Bf8 18. f4 Nd5 19. Bf2 Nxc3 20. Qxc3 Nb6 21. a3 Qc4 22. Rc1 Qxc3 23. Rxc3 Rd7 24. Nb3 Na4 25. Rc2 Rde7 26. Rce2 Rd7 27. e5 Red8 28. Na5 Nb6 29. Be4 Bxe4 30. Rxe4 Nd5 31. Nc4 Be7 32. R4e2 b6 33. Ne3 Nxe3 34. Bxe3 Rd3 35. Kf2 f6 36. exf6 Bxf6 37. Rc1 R8d6 38. Rcc2 Kf7 39. Red2 Rxd2+ 40. Bxd2 c5 41. Be3 Rd3 42. b4 Rxa3 43. bxc5 bxc5 44. Rxc5 a5 45. f5 a4 46. Rc7+ Kg8 47. Rd7 Ra1 48. Kf3 a3 49. Ra7 a2 50. Bf2 Kh7 51. g4 Kg8 52. Kg2 Kf8 53. Kf3 Ke8 54. Kg2 Kd8 55. h4 Kc8 56. g5 hxg5 57. hxg5 Bxg5 58. Bd4 Rd1 59. Bxg7 Rd2+ 60. Kf3 Kb8 61. Ra4 Rc2 62. f6 Bh4 63. f7 Rf2+ 64. Kg4 Rxf7 65. Be5+ Kb7 66. Kxh4 Rf2 67. Kg3 Rc2 68. Kf3 Kc6 69. Ke4 Kb5 70. Ra8 Kc4 71. Bd4 Re2+ 72. Be3 Rh2 73. Rc8+ Kb3 74. Rb8+ Kc2 75. Rc8+ Kb3 76. Ra8 Rh1 77. Bd4 Rh4+ 78. Kd3 Rh3+ 79. Be3 Rh1 80. Rb8+ Ka4 81. Kc4 Rh4+ 82. Kd3 Rh3 83. Ra8+ Kb3 84. Rb8+ Ka4 85. Rb7 Rh1 86. Bd4 Rd1+ 87. Kc4 Rxd4+ 88. Kxd4 a1=Q+ 89. Kc5 Qh1 90. Rd7 Qd1 91. Rxd1 1-0


[Site "https://www.chess.com"]

[Event "Late Titled Tuesday Blitz February 8 2022"]
[White "Taichman, Ori"]
[Black "Avazkhonov, Alikhon"]
[WhiteFideId "2804069"]
[BlackFideId "14208504"]
[WhiteElo "2227"]
[BlackElo "1739"]
[Result "1-0"]
[Round "06"]
[TimeControl "180+1"]
[Date "2022.02.09"]
[WhiteClock "0:00:31"]
[BlackClock "0:00:01"]

1. e4 c5 2. b3 Nc6 3. Bb2 e5 4. f4 exf4 5. Nf3 d5 6. exd5 Qxd5 7. Bc4 Qh5 8. O-O Nf6 9. Bxf6 gxf6 10. Nc3 Bg7 11. Qe1+ Ne5 12. Bb5+ Bd7 13. Bxd7+ Kxd7 14. Qe4 Nc6 15. d4 Rae8 16. Qxf4 cxd4 17. Nxd4 Qc5 18. Rad1 Kc8 19. Nb5 Nxd4 20. Nd6+ Kd7 21. Nxe8 f5 22. Nxg7 1-0


[Site "https://www.chess.com"]

[Event "Late Titled Tuesday Blitz February 8 2022"]
[White "Timofeev, Artyom"]
[Black "Plotkin, Mark"]
[WhiteFideId "4140419"]
[BlackFideId "2611651"]
[WhiteElo "2583"]
[BlackElo "2178"]
[Result "1/2-1/2"]
[Round "06"]
[TimeControl "180+1"]
[Date "2022.02.08"]
[WhiteClock "0:00:11"]
[BlackClock "0:00:38"]

1. d4 Nf6 2. Nf3 g6 3. Nbd2 d6 4. e4 Bg7 5. Bd3 O-O 6. O-O Nc6 7. c3 e5 8. Re1 Re8 9. h3 Bd7 10. Bf1 a5 11. a3 a4 12. Bd3 Nh5 13. dxe5 Nf4 14. Nc4 Nxd3 15. Qxd3 b5 16. Ne3 Nxe5 17. Nxe5 Bxe5 18. Bd2 Qh4 19. Nd5 Rac8 20. Rad1 Be6 21. Bc1 c6 22. Ne3 Bb3 23. Rd2 h5 24. Rde2 Rcd8 25. c4 d5 26. cxd5 cxd5 27. exd5 Bd4 28. Qxb5 Re4 29. Qd3 Rde8 30. d6 Qd8 31. Bd2 Qxd6 32. Bc3 Bc5 33. Qxd6 Bxd6 34. Rd2 Bc5 35. g3 f5 36. Kg2 Bxe3 37. Rxe3 Rxe3 38. fxe3 Rxe3 39. Rd7 Re6 40. Kf2 Kf8 41. h4 Ke8 42. Rb7 Re4 43. Rg7 Rg4 44. Bf6 Bf7 45. Be5 Re4 46. Bc3 f4 47. Bf6 Rc4 48. Kf3 Bd5+ 49. Kf2 Rc2+ 50. Ke1 fxg3 51. Rxg6 g2 52. Bd4 Rc1+ 53. Kd2 Rf1 54. Kc3 Kd7 55. Kb4 Be4 56. Rg5 Rf4 57. Kc5 Bf3 58. Rg7+ Ke6 59. Rg3 Be4 60. Bg1 Rxh4 61. Bf2 Kf5 62. Rg8 Rg4 63. Rf8+ Ke6 64. Bg1 Rg5+ 65. Kd4 Bc2 66. Rh8 Rg4+ 67. Kc3 Bg6 68. Rf8 h4 69. Rf3 Kd5 70. Re3 Rc4+ 71. Kd2 Rc2+ 72. Ke1 Rc1+ 73. Kf2 Be4 74. Re1 Rc2+ 75. Re2 Rxe2+ 76. Kxe2 h3 77. Kf2 Bf5 78. Kg3 Kc4 79. Kh2 Bd7 80. Be3 Kd3 81. Bf2 Ke2 82. Bg1 Kf3 83. Bd4 Bc8 84. Bg1 Bb7 85. Bd4 Bc8 86. Bg1 Bg4 87. Bd4 Ke2 88. Bg1 Kd3 89. Bc5 Kc2 90. Bd4 Kb3 91. Kg1 Bc8 92. Bc3 Kc4 93. Be5 Kd3 94. Bc3 Ke2 95. Kh2 Kf1 96. Bd4 Bg4 97. Bg1 Be2 98. Bd4 Bc4 99. Bg1 Bb3 100. Bd4 Be6 101. Bg1 Ke2 102. Bd4 Kd3 103. Bf6 Kd2 104. Bg7 Ke3 105. Bf6 Kf2 106. Bd4+ Kf1 107. Bg1 Bg4 108. Bd4 Bc8 109. Bg1 Bb7 110. Bd4 Bd5 111. Bg1 Bb3 112. Bd4 Bd1 113. Bg1 Bh5 114. Bd4 Be8 115. Bg1 Bd7 116. Bd4 Ke2 117. Bg1 Kd3 118. Bc5 Kc4 119. Bg1 Kd5 120. Bf2 Ke6 121. Bg1 Kf7 122. Bd4 Kg8 123. Bg1 Kh7 124. Bf2 Kg6 125. Bg1 Kh5 126. Bf2 Kg4 1/2-1/2


[Site "https://www.chess.com"]

[Event "Late Titled Tuesday Blitz February 8 2022"]
[White "Tregubov, Pavel V."]
[Black "Nikologorsky, Matfei"]
[WhiteFideId "4115341"]
[BlackFideId "24102474"]
[WhiteElo "2341"]
[BlackElo "2231"]
[Result "1-0"]
[Round "06"]
[TimeControl "180+1"]
[Date "2022.02.09"]
[WhiteClock "0:00:55"]
[BlackClock "0:00:20"]

1. e4 c5 2. Nf3 e6 3. c3 d5 4. exd5 Qxd5 5. d4 Nf6 6. Be2 Nc6 7. O-O Be7 8. dxc5 Qxc5 9. Be3 Qf5 10. Na3 O-O 11. Nb5 Nd5 12. Bd2 b6 13. Nbd4 Nxd4 14. Nxd4 Qg6 15. c4 Nf6 16. Bf3 Ne4 17. Re1 Bb7 18. Qe2 Nc5 19. Bxb7 Nxb7 20. Qf3 Nc5 21. b4 Nd3 22. Nc6 Bf6 23. Re3 Bxa1 24. Ne7+ Kh8 25. Nxg6+ fxg6 26. Qd1 Nxf2 27. Qxa1 Rad8 28. Re2 Nd3 29. Bc3 Kg8 30. Bxg7 Rf7 31. Bh6 Nxb4 32. Rf2 Rfd7 33. Rf1 Nd3 34. Qf6 1-0


[Site "https://www.chess.com"]

[Event "Late Titled Tuesday Blitz February 8 2022"]
[White "Triapishko, Alexandr"]
[Black "Howell, David W L"]
[WhiteFideId "14122286"]
[BlackFideId "410608"]
[WhiteElo "2479"]
[BlackElo "2559"]
[Result "1/2-1/2"]
[Round "06"]
[TimeControl "180+1"]
[Date "2022.02.08"]
[WhiteClock "0:00:03"]
[BlackClock "0:00:36"]

1. Nf3 f5 2. g3 Nf6 3. Bg2 d6 4. d4 g6 5. O-O Bg7 6. c4 O-O 7. Nc3 c6 8. d5 Na6 9. Nd4 e5 10. dxe6 Nc5 11. b3 Nxe6 12. Nxe6 Bxe6 13. Ba3 Ne8 14. Rc1 f4 15. Qd2 Qa5 16. Bb2 fxg3 17. hxg3 Rd8 18. Rfd1 Nf6 19. Nd5 Qxd2 20. Nxf6+ Bxf6 21. Rxd2 Bxb2 22. Rxb2 d5 23. cxd5 Bxd5 24. b4 Bxg2 25. Kxg2 Rd7 26. a4 Kf7 27. b5 cxb5 28. axb5 Re8 29. e3 Re5 30. Ra1 b6 31. Rba2 h5 32. Rxa7 Rxa7 33. Rxa7+ Kf6 34. Rb7 Rxb5 35. f4 g5 36. Kf3 Rb4 37. Rh7 Kg6 38. Rh8 g4+ 39. Ke2 Rb2+ 40. Kf1 Kf5 41. Re8 b5 42. Re5+ Kg6 43. Rg5+ Kh6 44. e4 Rb3 45. Kf2 Rb2+ 46. Kf1 Rb3 47. Kf2 Rb2+ 48. Kf1 1/2-1/2


[Site "https://www.chess.com"]

[Event "Late Titled Tuesday Blitz February 8 2022"]
[White "Velikanov, Alexander"]
[Black "Ruiz Aguilar, Pablo Alexander"]
[WhiteFideId "2039290"]
[BlackFideId "4401352"]
[WhiteElo "2259"]
[BlackElo "2125"]
[Result "1-0"]
[Round "06"]
[TimeControl "180+1"]
[Date "2022.02.09"]
[WhiteClock "0:00:09"]
[BlackClock "0:00:01"]

1. d4 d5 2. c4 c6 3. Nf3 Nf6 4. Qc2 e6 5. Nbd2 Nbd7 6. g3 Be7 7. Bg2 O-O 8. O-O b6 9. e4 Bb7 10. b3 Rc8 11. Bb2 Rc7 12. exd5 cxd5 13. Rac1 Qa8 14. Ne5 Rfc8 15. Qb1 dxc4 16. Bxb7 Qxb7 17. bxc4 Nxe5 18. dxe5 Nd7 19. Rfd1 Nc5 20. Nf1 g6 21. Ne3 Bg5 22. Ng4 Qf3 23. Nf6+ Bxf6 24. exf6 h5 25. Rc3 Qxf6 26. Re3 Qf5 27. Qa1 Ne4 28. Rxe4 Qxe4 29. Bh8 Kf8 30. Qf6 Ke8 31. Qg7 Rxc4 32. Qh6 Qe2 33. Rd2 Rc1+ 34. Kg2 Qf1+ 35. Kf3 R1c3+ 36. Bxc3 Rxc3+ 37. Kf4 Qc4+ 38. Kg5 Qc5+ 39. Kf6 Rf3+ 40. Kg7 Qc3+ 41. Kg8 Qc5 42. Qg7 Rxf2 43. Rd3 Rf5 44. Kh7 g5 45. Qg8+ Qf8 46. Rd8+ Kxd8 47. Qxf8+ Kd7 48. Qa8 a5 49. Qa7+ Kc6 50. Qa8+ Kb5 51. Qe4 g4 52. Qd3+ Ka4 53. Kg7 Kb4 54. Qb3+ Kc5 55. Qc3+ Kb5 56. a3 Ka4 57. Qd3 b5 58. Qc3 b4 59. axb4 axb4 60. Qa1+ Kb3 61. Qb1+ Kc4 62. Qc2+ Kb5 63. Qb3 Kc5 64. Qd3 Rf2 65. Qe3+ 1-0


[Site "https://www.chess.com"]